 Dungeon Crawl Stone Soup version 0.18.1-6-gd335043 (webtiles) character file.

6 ololoev the Charmwright (level 1, -1/14 HPs)
             Began as a High Elf Skald on May 16, 2016.
             Slain by a giant gecko (3 damage)
             ... on level 1 of the Dungeon.
             The game lasted 00:00:22 (337 turns).

ololoev the Charmwright (High Elf Skald)             Turns: 337, Time: 00:00:23

Health: -1/14      AC:  3    Str:  8 (11) XL:     1   Next: 75%
Magic:  4/4        EV: 11    Int: 12 (15) God:
Gold:   0          SH:  0    Dex: 11 (14) Spells: 1 memorised, 3 levels left

rFire  . . .     SeeInvis .     a - +0 falchion
rCold  . . .     Gourm    .     b - +0 leather armour
rNeg   . . .     Faith    .     (no shield)
rPois  .         Spirit   .     (no helmet)
rElec  .         Dismiss  .     (no cloak)
rCorr  .         Reflect  .     (no gloves)
SustAt .         Harm     .     (no boots)
MR     .....                    (no amulet)
Stlth  +.........               (no ring)
                                (no ring)

@: not resistant to hostile enchantments, very unstealthy
A: no striking features
a: no special abilities

Inventory:

Hand Weapons
 a - a +0 falchion (weapon)
Armour
 b - a +0 leather armour (worn)
Books
 c - a book of Battle

   Spells                             Type                      Level
   a - Infusion                       Charms                       1
   b - Shroud of Golubria             Charms/Translocation         2
   c - Song of Slaying                Charms                       2
   d - Spectral Weapon                Hexes/Charms                 3
   e - Regeneration                   Charms/Necromancy            3
Comestibles
 d - a bread ration
 f - a meat ration


   Skills:
 - Level 2.0 Fighting
 * Level 3.0 Long Blades
 + Level 1.1 Armour
 - Level 1.1 Dodging
 - Level 2.4 Spellcasting
 - Level 3.6 Charms


You had 3 spell levels left.
You knew the following spells:

 Your Spells              Type           Power        Failure   Level  Hunger
a - Infusion              Chrm           ##..         10%         1    ##.....


You were on level 1 of the Dungeon.
You were not hungry.

You visited 1 branch of the dungeon, and saw 1 of its levels.

...........? #.......#
# #...%%..# ###
#.##.......# #<#
#.....>....# #.#
###.$......# #.#
#)...#....### #.#
..#######l.##
#######.### . #...@.†.#
#.......... #.......#
#######.###
#.......####.####.#
#................#.#
..................#.#
#########.........##.##
#.........#8(8#
#.......(.##.###
#......†...#.#.#

Notes
Turn   | Place    | Note
--------------------------------------------------------------
     0 | D:1      | ololoev the High Elf Skald began the quest for the Orb.
     0 | D:1      | Reached XP level 1. HP: 14/14 MP: 4/4
    24 | D:1      | Reached skill level 1 in Armour
   337 | D:1      | Slain by a giant gecko

Dungeon Overview and Level Annotations

Branches:
Dungeon (1/15)

Altars:


Message History

The giant newt bites you.
You closely miss the giant newt. The bat hits you but does no damage.
The giant newt bites you but does no damage.
You closely miss the giant newt. The bat barely misses you.
The giant newt misses you.
You miss the bat. The bat hits you but does no damage.
The giant newt bites you.
You closely miss the giant newt. The bat hits you.
The giant newt barely misses you. The bat hits you but does no damage.
You are too injured to fight recklessly!
You are too injured to fight recklessly!
You are too injured to fight recklessly!
You are too injured to fight recklessly!
You are too injured to fight recklessly!
There are monsters nearby!
There are monsters nearby!
You are too injured to fight recklessly!
You closely miss the bat. The bat closely misses you.
The giant newt bites you but does no damage. x2
You hit the giant newt.
You kill the giant newt!
The bat barely misses you.
You closely miss the bat. The bat misses you. The bat closely misses you.
The bat hits you but does no damage.
You hit the bat.
You kill the bat!
e - a viscous sapphire potion You start resting.
HP restored.
A hobgoblin comes into view.
Found 16 stones.
A hobgoblin is nearby!
A hobgoblin is nearby!
A hobgoblin is nearby!
A bat comes into view.
Found a club.
The hobgoblin shouts!
The bat closely misses you.
A giant gecko comes into view.
There is a stone staircase leading down here.
You hit the bat.
The bat is severely wounded.
The bat barely misses you. The bat hits you.
Found a scroll labeled KIVILABESK.
You miss the giant gecko. The bat misses you. The giant gecko bites you.
The hobgoblin hits you. The giant gecko bites you.
You are too injured to fight recklessly!
You are too injured to fight recklessly!
You are too injured to fight recklessly!
You are too injured to fight recklessly!
You are too injured to fight recklessly!
You are too injured to fight recklessly!
You are too injured to fight recklessly!
You are too injured to fight recklessly!
You are too injured to fight recklessly!
You are too injured to fight recklessly!
You are too injured to fight recklessly!
You are too injured to fight recklessly!
You are too injured to fight recklessly!
You are too injured to fight recklessly!
You are too injured to fight recklessly!
You are too injured to fight recklessly!
You are too injured to fight recklessly!
You are too injured to fight recklessly!
You are too injured to fight recklessly!
You hit the bat.
You kill the bat!
Your Long Blades skill increases to level 3!
The hobgoblin barely misses you. The giant gecko closely misses you.
The hobgoblin hits you. The giant gecko misses you.
Drink which item? (? for menu, Esc to quit)
It was a potion of degeneration.
There was something very wrong with that liquid.
You feel weakened.
You feel dopey.
You feel clumsy. The giant gecko bites you.
You miss the giant gecko. The giant gecko misses you.
You closely miss the giant gecko. The giant gecko bites you.
You die...

You could see a giant gecko.

Vanquished Creatures
  A dart slug (D:1)
  2 bats (D:1)
  2 giant newts (D:1)
5 creatures vanquished.

Action                   || total
-------------------------++-------
Melee: Falchion          ||    21
  Use: Potion            ||     1
Armor: Leather armour    ||    10
Dodge: Dodged            ||    23

Vault maps used:
D:1:      lemuel_arrival_cross
